 Dungeon Crawl Stone Soup version 0.26-a0-958-gf3041fb45f (webtiles) character file.

Game seed: 2919068286625631430

36899 robertstho the Frost Mage (level 13, -1/99 HPs)
             Began as a Gnoll Ice Elementalist on Nov 30, 2020.
             Was a High Priest of Sif Muna.
             Killed from afar by a molten gargoyle (33 damage)
             ... with a bolt of magma
             ... in a volcano.
             The game lasted 00:40:45 (18841 turns).

robertstho the Frost Mage (Gnoll Ice Elementalist) Turns: 18841, Time: 00:40:45

Health: -1/99      AC: 15    Str: 11    XL:     13   Next: 93%
Magic:  9/27       EV: 20    Int: 22    God:    Sif Muna [*****.]
Gold:   1196       SH:  5    Dex: 22    Spells: 7/32 levels left

rFire    . . .     SeeInvis .   Q - +2 quarterstaff (spect)
rCold    . . .     Faith    .   (shield currently unavailable)
rNeg     . . .     Spirit   .   Y - +0 troll leather armour
rPois    .         Reflect  +   S - +1 hat {MR+}
rElec    .         Harm     .   y - +0 cloak
rCorr    .         Rampage  .   c - +0 pair of gloves
MR       +....                  t - +1 pair of boots
Stlth    +++++.....             q - amulet of reflection
HPRegen  0.66/turn              b - +4 ring of protection
MPRegen  0.20/turn              C - +6 ring of dexterity

@: frozen ramparts
A: distributed training, fangs 1, strong nose
a: Channel Magic, Forget Spell, Divine Exegesis, Renounce Religion


You were in a volcano.
You worshipped Sif Muna.
Sif Muna was extremely pleased with you.
You visited 3 branches of the dungeon, and saw 17 of its levels.
You also visited: Volcano.

You collected 1196 gold pieces.

Inventory:

Hand Weapons
 m - a +0 short sword of protection
 z - a +2 quarterstaff of chaos
 D - the +8 hunting sling "Giant's Death Toll" {vorpal, *Slow Str+6}
   (You found it on level 4 of the Dungeon)

   Any stone fired from it inflicts extra damage.
   It affects your strength (+6).
   It may slow you when you take damage.
 E - a +4 falchion
 Q - a +2 spectral quarterstaff (weapon)
Missiles
 v - 53 poisoned darts
 O - 182 sling bullets
 P - 673 stones
 R - 6 curare-tipped darts
Armour
 c - a +0 pair of gloves (worn)
 t - a +1 pair of boots (worn)
 y - a +0 cloak (worn)
 S - a +1 hat of magic resistance (worn)
 Y - a +0 troll leather armour (worn)
Magical Staves
 N - an uncursed staff of air
Jewellery
 b - a +4 ring of protection (left hand)
 h - an uncursed ring of poison resistance
 q - an amulet of reflection (around neck)
 B - an uncursed ring of stealth
 C - a +6 ring of dexterity (right hand)
 U - an uncursed ring of flight
Wands
 p - a wand of iceblast (4)
 F - a wand of paralysis (9)
 H - a wand of digging (9)
 T - a wand of flame (18)
 W - a wand of disintegration (12)
Scrolls
 a - 2 scrolls of vulnerability {unknown}
 d - 2 scrolls of enchant weapon {unknown}
 e - 5 scrolls of teleportation
 i - 2 scrolls of noise {unknown}
 k - 3 scrolls of fear {unknown}
 n - 7 scrolls of remove curse
 o - 2 scrolls of magic mapping
 s - a scroll of immolation {unknown}
 u - a scroll of blinking {unknown}
 x - 4 scrolls of enchant armour
 K - a scroll of holy word {unknown}
 M - a scroll of torment {unknown}
 V - a scroll of fog
Potions
 f - 2 potions of haste
 g - 5 potions of curing
 j - a potion of cancellation
 l - 5 potions of lignification
 r - 3 potions of might
 w - 2 potions of brilliance
 G - a potion of berserk rage {unknown}
 I - a potion of resistance
 J - 4 potions of attraction {unknown}
 L - 2 potions of mutation
 X - 2 potions of flight
 Z - a potion of invisibility


   Skills:
 + Level 8.7 Fighting
 + Level 8.7 Short Blades
 + Level 8.7 Long Blades
 + Level 8.7 Axes
 + Level 8.7 Maces & Flails
 + Level 8.7 Polearms
 + Level 8.7 Staves
 + Level 8.7 Slings
 + Level 8.7 Bows
 + Level 8.7 Crossbows
 + Level 8.7 Throwing
 + Level 8.7 Armour
 + Level 9.9 Dodging
 + Level 9.7 Stealth
 + Level 8.7 Shields
 + Level 8.7 Unarmed Combat
 + Level 10.0 Spellcasting
 + Level 7.2 Conjurations
 + Level 7.2 Hexes
 + Level 7.2 Summonings
 + Level 7.2 Necromancy
 + Level 7.2 Translocations
 + Level 7.2 Transmutations
 + Level 7.2 Fire Magic
 + Level 10.2 Ice Magic
 + Level 7.2 Air Magic
 + Level 7.2 Earth Magic
 + Level 7.2 Poison Magic
 + Level 9.5 Invocations
 + Level 8.7 Evocations


You had 7 spell levels left.
You knew the following spells:

 Your Spells              Type           Power        Failure   Level
a - Freeze                Ice            ####         1%          1
b - Frozen Ramparts       Ice            ######       1%          3
c - Ozocubu's Armour      Ice            ######..     1%          3
d - Hailstorm             Conj/Ice       #####...     1%          4
e - Summon Ice Beast      Ice/Summ       #####...     1%          4
f - Swiftness             Air            #####...     1%          2
g - Ice Form              Ice/Tmut       #####...     1%          4
h - Airstrike             Air            #####.....   3%          4

Your spell library contained the following spells:

 Spells                   Type           Power        Failure   Level
 Animate Skeleton         Necr           #####.       1%          1
 Beastly Appendage        Tmut           #####.       1%          1
 Foxfire                  Conj/Fire      ####         1%          1
 Pain                     Necr           ####         1%          1
 Sandblast                Erth           #####.       1%          1
 Shock                    Conj/Air       ####         1%          1
 Passwall                 Tmut/Erth      #####...     1%          2
 Wereblood                Tmut           #####...     1%          2
 Spider Form              Tmut/Pois      #####.....   1%          3
 Static Discharge         Conj/Air       #####...     1%          3
 Stone Arrow              Conj/Erth      #####.       1%          3
 Vampiric Draining        Necr           #####.....   1%          3
 Animate Dead             Necr           #####.....   3%          4
 Cause Fear               Hex            #####.....   3%          4
 Petrify                  Tmut/Erth      #####...     3%          4
 Agony                    Necr           #####...     11%         5
 Alistair's Intoxication  Tmut/Pois      #####....    11%         5
 Blade Hands              Tmut           #####.....   11%         5
 Bolt of Magma            Conj/Fire/Erth #####.....   11%         5
 Lee's Rapid Deconstruct  Erth           #####.....   11%         5
 Lightning Bolt           Conj/Air       #####.....   11%         5
 Silence                  Hex/Air        #####.....   11%         5
 Yara's Violent Unravell  Hex/Tmut       #####.....   11%         5
 Discord                  Hex            #####.....   100%        8
 Necromutation            Tmut/Necr      #####.....   100%        8


Dungeon Overview and Level Annotations

Branches:
Dungeon (13/15)            Temple (1/1) D:7            Lair (3/6) D:10
 Shoals (0/4) Lair:2        Snake (0/4) Lair:2          Orc (0/2) D:12
 Vaults (0/5) D:13        Volcano (1/1)

Altars:
Ashenzari
Cheibriados
Dithmenos
Elyvilon
Fedhas
Gozag
Hepliaklqana
Kikubaaqudgha
Makhleb
Nemelex Xobeh
Okawaru
Qazlal
Ru
Sif Muna
Trog
Uskayaw
Vehumet
Wu Jian
Xom
Yredelemnul
The Shining One
Beogh

Shops:
D:7 (   D:12 (

Annotations:
D:11 exclusion: oklob plant
D:12 2 transporters, HilariousDeathArtist's ghost, journeyman KoCK
D:13 2 transporters, Ejaov's ghost, journeyman GnWr


Innate Abilities, Weirdness & Mutations

Your experience applies equally to all skills.
You have very sharp teeth.
Your uncanny sense of smell can sniff out nearby items.


Message History

Unknown command.
You closely miss the fire bat.
The fire bat is heavily wounded.
Your spectral weapon barely misses the fire bat.
The wall freezes the fire bat but do no damage.
The fire bat bites you.
You are engulfed in flames.
The fire bat is frozen!
The wall freezes the fire bat.
The fire bat bites you.
You are engulfed in flames.
The molten gargoyle blasts magma at you!
The bolt of magma hits you!
The fire bat is frozen!
The wall freezes the fire bat.
The fire bat completely misses you.
You miss the fire bat.
You bite the fire bat, but do no damage.
The fire bat is almost dead.
Your spectral weapon hits the fire bat!
You kill the fire bat!
Sif Muna accepts your kill.
The molten gargoyle blasts magma at you!
The bolt of magma hits you!!
You die...

#.###### ####..
###.##...## ####.....
#.8..#....###8......≈
#._..'.∩..'........≈≈
#.8..#....###8.....≈≈
###.##...## ###...≈≈≈
#.###### #...≈≈≈
#'#..### ...§S§§
#.@$$[.# ...§≈≈≈§
#.9(!$.# .≈§≈≈≈≈
#..Y$).# ≈§§≈
###..#.# ### #


You could see a molten gargoyle, a friendly ice beast (summoned) and a friendly
+2 spectral quarterstaff (summoned).

Vanquished Creatures
  Rupert (D:13)
  Gastronok (Lair:2)
  Josephine (D:12)
  A hydra (Lair:1)
  5 two-headed ogres
  2 centaur warriors
  A hell hog (Volcano)
  Sonja (D:10)
  A wolf spider zombie (D:12)
  A necromancer (D:13)
  A deep elf mage (D:13)
  A phantasmal warrior (D:13)
  3 cyclopes
  A manticore (D:12)
  A centaur zombie (D:13)
  Joseph (D:10)
  3 komodo dragons
  A rime drake (Lair:3)
  9 trolls
  4 blink frogs (Lair:1)
  5 wraiths
  Sigmund (D:6)
  21 yaks
  A vampire (D:13)
  7 fire bats (Volcano)
  Eustachio (D:4)
  5 nagas (Lair:2)
  6 water moccasins
  An ice beast (D:12)
  3 hell hounds (Volcano)
  7 orc warriors
  A black bear (Lair:2)
  4 sky beasts
  A phantom (D:6)
  6 ogres
  14 wolves
  4 centaurs
  Blork the orc (D:6)
  19 bullfrogs
  3 big kobolds
  A gnoll sergeant (D:10)
  4 scorpions
  4 wights (D:11)
  11 killer bees
  4 hounds
  A jelly (D:11)
  15 orc priests
  A centaur skeleton (D:12)
  A bullfrog skeleton (D:6)
  6 iguanas
  Crazy Yiuf (D:3)
  Jessica (D:3)
  12 orc wizards
  12 worker ants
  A hound skeleton (D:7)
  Robin (D:4)
  4 howler monkey skeletons
  8 adders
  5 gnolls (D:10)
  4 shadow imps
  A white imp (D:5)
  3 ufetubi
  5 oozes
  5 worms
  4 dart slugs
  6 leopard geckos
  45 orcs
  3 giant cockroaches
  19 goblins
  10 hobgoblins
  8 jackals
  5 quokkas
  A ball python (D:5)
  6 bats
  5 frilled lizards
  19 kobolds
  A quokka zombie (D:7)
  9 rats
403 creatures vanquished.

Vanquished Creatures (collateral kills)
  Harold (Lair:1)
  4 hydras
  A boulder beetle (Lair:2)
  2 two-headed ogres
  3 ugly things (D:11)
  Maggie (Lair:2)
  A komodo dragon (Lair:1)
  A troll (D:13)
  Grinder (D:6)
  A yak (D:11)
  A wraith (D:12)
  3 nagas (Lair:2)
  3 ice beasts
  A necrophage (D:12)
  A black bear (D:11)
  A phantom (D:4)
  An eye of draining (D:13)
  An ogre (D:11)
  2 bullfrogs (Lair:1)
  A wight (D:11)
  2 killer bees (D:13)
  2 electric eels (Lair:1)
  4 jellies
  An orc wizard (D:11)
  A bullfrog skeleton (D:7)
  An iguana (D:8)
  A howler monkey zombie (D:7)
  2 adders
  A white imp (D:10)
  An ufetubus (D:7)
  A leopard gecko (D:6)
  An orc (D:11)
  A kobold (D:11)
  A leopard gecko zombie (D:6)
51 creatures vanquished.

Vanquished Creatures (others)
  27 fungi
  22 plants
49 creatures vanquished.

Grand Total: 503 creatures vanquished

Notes
Turn   | Place    | Note
-------+----------+-------------------------------------------
     0 | D:1      | robertstho the Gnoll Ice Elementalist began the quest for
                  | the Orb.
     0 | D:1      | Reached XP level 1. HP: 13/13 MP: 6/6
    28 | D:1      | Reached XP level 2. HP: 20/20 MP: 2/7
   465 | D:1      | Reached XP level 3. HP: 25/25 MP: 7/9
   474 | D:1      | Learned a level 3 spell: Frozen Ramparts
   478 | D:1      | Learned a level 3 spell: Ozocubu's Armour
   546 | D:1      | Reached skill level 5 in Spellcasting
   812 | D:1      | Reached skill level 1 in Invocations
  1104 | D:2      | Reached skill level 1 in Fighting
  1104 | D:2      | Reached skill level 1 in Short Blades
  1104 | D:2      | Reached skill level 1 in Long Blades
  1104 | D:2      | Reached skill level 1 in Axes
  1104 | D:2      | Reached skill level 1 in Maces & Flails
  1104 | D:2      | Reached skill level 1 in Polearms
  1104 | D:2      | Reached skill level 1 in Staves
  1104 | D:2      | Reached skill level 1 in Slings
  1104 | D:2      | Reached skill level 1 in Bows
  1104 | D:2      | Reached skill level 1 in Crossbows
  1104 | D:2      | Reached skill level 1 in Throwing
  1104 | D:2      | Reached skill level 1 in Armour
  1104 | D:2      | Reached skill level 1 in Shields
  1104 | D:2      | Reached skill level 1 in Unarmed Combat
  1104 | D:2      | Reached skill level 1 in Evocations
  1104 | D:2      | Reached XP level 4. HP: 27/32 MP: 7/11
  1657 | D:2      | Reached skill level 1 in Conjurations
  1657 | D:2      | Reached skill level 1 in Hexes
  1657 | D:2      | Reached skill level 1 in Summonings
  1657 | D:2      | Reached skill level 1 in Necromancy
  1657 | D:2      | Reached skill level 1 in Translocations
  1657 | D:2      | Reached skill level 1 in Transmutations
  1657 | D:2      | Reached skill level 1 in Fire Magic
  1657 | D:2      | Reached skill level 1 in Air Magic
  1657 | D:2      | Reached skill level 1 in Earth Magic
  1657 | D:2      | Reached skill level 1 in Poison Magic
  1808 | D:2      | Found a radiant altar of Vehumet.
  2255 | D:3      | Found a hazy altar of Hepliaklqana.
  2260 | D:3      | Found a sparkling altar of Nemelex Xobeh.
  2260 | D:3      | Found a broken altar of Ashenzari.
  2262 | D:3      | Found a broken altar of Ashenzari.
  2262 | D:3      | Found a shadowy altar of Dithmenos.
  2262 | D:3      | Found a shimmering altar of Xom.
  2453 | D:3      | Found a runed translucent door.
  2454 | D:3      | Noticed Crazy Yiuf
  2553 | D:3      | Reached XP level 5. HP: 34/37 MP: 12/12
  2681 | D:3      | Noticed Jessica
  2690 | D:3      | Killed Jessica
  3114 | D:3      | Killed Crazy Yiuf
  3115 | D:3      | Reached XP level 6. HP: 34/44 MP: 7/13
  3256 | D:4      | Noticed Robin
  3261 | D:4      | Reached skill level 5 in Dodging
  3267 | D:4      | Killed Robin
  3481 | D:4      | Noticed a phantom
  3503 | D:3      | Learned a level 4 spell: Hailstorm
  3508 | D:3      | Learned a level 4 spell: Summon Ice Beast
  3577 | D:4      | Noticed Eustachio
  3581 | D:4      | Killed Eustachio
  3582 | D:4      | Reached XP level 7. HP: 40/50 MP: 8/15
  3762 | D:4      | Found a stormy altar of Qazlal.
  4018 | D:4      | Got a slimy hunting sling
  4326 | D:5      | Entered Level 5 of the Dungeon
  4606 | D:5      | Found a burning altar of Makhleb.
  4675 | D:5      | Reached skill level 5 in Stealth
  5016 | D:5      | Reached XP level 8. HP: 47/57 MP: 8/16
  5513 | D:6      | Noticed Sigmund
  5531 | D:6      | Killed Sigmund
  5679 | D:6      | Noticed Blork the orc
  5686 | D:6      | Killed Blork the orc
  6075 | D:6      | Reached XP level 9. HP: 65/65 MP: 18/18
  6260 | D:6      | Noticed Grinder
  6298 | D:6      | Killed Grinder
  6866 | D:7      | Found a staircase to the Ecumenical Temple.
  6888 | Temple   | Entered the Ecumenical Temple
  6930 | Temple   | Became a worshipper of Sif Muna the Loreminder
  7146 | D:7      | Found Tozxas's Antique Weapon Boutique.
  7580 | D:8      | Identified the +8 hunting sling "Giant's Death Toll"
                  | {vorpal, *Slow Str+6} (You found it on level 4 of the
                  | Dungeon)
  8692 | D:8      | Found a glowing golden altar of the Shining One.
  8693 | D:8      | Found a broken altar of Ashenzari.
  8702 | D:8      | Found an opulent altar of Gozag.
  8706 | D:8      | Found a basalt altar of Yredelemnul.
  8710 | D:8      | Found a sacrificial altar of Ru.
  8724 | D:8      | Noticed a centaur warrior
  8727 | D:8      | Noticed a two-headed ogre
  8730 | D:8      | Killed a centaur warrior
  8731 | D:8      | Reached skill level 5 in Invocations
  8731 | D:8      | Reached XP level 10. HP: 48/73 MP: 20/20
  8740 | D:8      | Killed a two-headed ogre
  8741 | D:8      | Reached skill level 5 in Fighting
  8741 | D:8      | Reached skill level 5 in Short Blades
  8741 | D:8      | Reached skill level 5 in Long Blades
  8741 | D:8      | Reached skill level 5 in Axes
  8741 | D:8      | Reached skill level 5 in Maces & Flails
  8741 | D:8      | Reached skill level 5 in Polearms
  8741 | D:8      | Reached skill level 5 in Staves
  8741 | D:8      | Reached skill level 5 in Slings
  8741 | D:8      | Reached skill level 5 in Bows
  8741 | D:8      | Reached skill level 5 in Crossbows
  8741 | D:8      | Reached skill level 5 in Throwing
  8741 | D:8      | Reached skill level 5 in Armour
  8741 | D:8      | Reached skill level 5 in Shields
  8741 | D:8      | Reached skill level 5 in Unarmed Combat
  8741 | D:8      | Reached skill level 5 in Evocations
  9039 | D:8      | Found a hazy altar of Hepliaklqana.
  9252 | D:9      | Reached * piety under Sif Muna
  9947 | D:9      | Found a bloodstained altar of Trog.
  9977 | D:10     | Entered Level 10 of the Dungeon
 10024 | D:10     | Noticed Joseph
 10034 | D:10     | Killed Joseph
 10138 | D:10     | Noticed a two-headed ogre
 10146 | D:10     | Killed a two-headed ogre
 10312 | D:10     | Reached ** piety under Sif Muna
 10313 | D:10     | Reached XP level 11. HP: 42/81 MP: 18/22
 10490 | D:10     | Noticed Sonja
 10511 | D:10     | Killed Sonja
 10637 | D:10     | Reached skill level 5 in Conjurations
 10637 | D:10     | Reached skill level 5 in Hexes
 10637 | D:10     | Reached skill level 5 in Summonings
 10637 | D:10     | Reached skill level 5 in Necromancy
 10637 | D:10     | Reached skill level 5 in Translocations
 10637 | D:10     | Reached skill level 5 in Transmutations
 10637 | D:10     | Reached skill level 5 in Fire Magic
 10637 | D:10     | Reached skill level 5 in Air Magic
 10637 | D:10     | Reached skill level 5 in Earth Magic
 10637 | D:10     | Reached skill level 5 in Poison Magic
 10707 | D:10     | Noticed a two-headed ogre
 10731 | D:10     | HP: 3/81 [komodo dragon (12)]
 10734 | D:10     | Killed a two-headed ogre
 11416 | D:10     | Found a staircase to the Lair.
 11587 | D:11     | Noticed a brown ugly thing
 11592 | D:11     | Killed a brown ugly thing
 11799 | D:11     | Noticed a cyan ugly thing
 11800 | D:11     | Noticed a white ugly thing
 11815 | D:11     | Killed a cyan ugly thing
 11820 | D:11     | Killed a green ugly thing
 12205 | D:11     | Noticed a cyclops
 12211 | D:11     | Killed a cyclops
 12306 | D:11     | Reached *** piety under Sif Muna
 12701 | D:11     | Found a blossoming altar of Fedhas.
 12723 | D:11     | Noticed an oklob plant
 12831 | D:11     | Learned a level 2 spell: Swiftness
 12836 | D:11     | Learned a level 4 spell: Ice Form
 12841 | D:11     | Learned a level 4 spell: Airstrike
 12936 | D:12     | Noticed a manticore
 12939 | D:12     | Killed a manticore
 13010 | D:12     | Found a staircase to the Orcish Mines.
 13047 | D:12     | Found a roughly hewn altar of Beogh.
 13047 | D:12     | Noticed a two-headed ogre
 13052 | D:12     | Reached XP level 12. HP: 89/89 MP: 12/24
 13330 | D:12     | Noticed Josephine
 13342 | D:12     | Killed Josephine
 13438 | D:12     | Found a transporter.
 13438 | D:12     | Noticed a two-headed ogre
 13448 | D:12     | Identified the cursed +1 battleaxe "Mitoal" {vorpal,
                  | *Corrode rElec rF+ Int+4}
 13449 | D:12     | Found a bloodstained altar of Trog.
 13449 | D:12     | Noticed HilariousDeathArtist's ghost (journeyman KoCK)
 13489 | D:12     | Noticed a two-headed ogre
 13628 | D:12     | Noticed a two-headed ogre
 13644 | D:12     | Killed a two-headed ogre
 13912 | D:12     | Found Pehamaih's Antique Weapon Emporium.
 14044 | D:12     | Found a transporter.
 14203 | D:12     | Reached **** piety under Sif Muna
 14204 | D:12     | Killed a two-headed ogre
 14344 | D:13     | Noticed a six-headed hydra
 14352 | D:13     | Killed a six-headed hydra
 14439 | D:13     | Noticed a two-headed ogre
 14445 | D:13     | Killed a two-headed ogre
 14890 | D:13     | Found a gate to the Vaults.
 15023 | D:13     | Found a transporter.
 15023 | D:13     | Found a transporter.
 15023 | D:13     | Identified the +10 great mace "Toirchyfuq" {vorpal, rElec
                  | Int+3}
 15023 | D:13     | Noticed a two-headed ogre
 15024 | D:13     | Noticed Ejaov's ghost (journeyman GnWr)
 15026 | D:13     | Noticed a two-headed ogre
 15028 | D:13     | Noticed a two-headed ogre
 15030 | D:13     | Noticed a two-headed ogre
 15035 | D:13     | Noticed a two-headed ogre
 15038 | D:13     | Killed a two-headed ogre
 15092 | D:13     | Noticed a centaur warrior
 15100 | D:13     | Killed a centaur warrior
 15139 | D:13     | Noticed Rupert
 15168 | D:13     | HP: 1/92 [Rupert/+0 battleaxe of venom (16)]
 15177 | D:13     | Killed Rupert
 15178 | D:13     | Reached XP level 13. HP: 7/98 MP: 6/26
 15984 | Lair:1   | Entered Level 1 of the Lair of Beasts
 16690 | Lair:1   | Noticed Harold
 16698 | Lair:1   | Killed Harold
 17247 | Lair:2   | Reached skill level 10 in Ice Magic
 17490 | Lair:2   | Found a staircase to the Shoals.
 17590 | Lair:2   | Reached ***** piety under Sif Muna
 17600 | Lair:2   | Noticed Maggie
 17610 | Lair:2   | Killed Maggie
 17918 | Lair:2   | Found a staircase to the Snake Pit.
 18432 | Lair:2   | Noticed Gastronok
 18443 | Lair:2   | Identified Sif Muna's Disquisition on Flamy Transmutation
                  | (Sif Muna gifted it to you on level 2 of the Lair of
                  | Beasts)
 18443 | Lair:2   | Received a gift from Sif Muna
 18460 | Lair:2   | Killed Gastronok
 18461 | Lair:2   | Reached skill level 10 in Spellcasting
 18725 | Lair:3   | Found a dark tunnel.
 18733 | Volcano  | Entered a volcano
 18804 | Volcano  | Found a burning altar of Makhleb.
 18841 | Volcano  | Killed from afar by a molten gargoyle

Illustrated notes

Levels and vault maps discovered:
D:1:      psy_arrival_whirlpool, layout_basic, chequers_serial_rivers_room_b
D:2:      layout_basic, lemuel_coloured_pillars_altar, corexii_corridor_pit,
          hangedman_decor_growths
D:3:      layout_loops_ring, chequers_serial_rivers_small_3,
          doesnt_xom_only_xom, uniq_crazy_yiuf_cottage, uniq_jessica
D:4:      layout_gridville, lemuel_doored_altar, uniq_robin, uniq_eustachio
D:5:      layout_gridville, lemuel_round_altar
D:6:      layout_gridville, uniq_blork_the_orc, uniq_sigmund, uniq_grinder
D:7:      layout_basic, temple_doors_ab, serial_shops, shop
D:8:      layout_rooms, kennysheep_mini_moat, grunt_temple_overflow_open
D:9:      layout_loops_ring, nicolae_overflow_hidden_temple
D:10:     layout_basic, grunt_lair_entry_orc_guard_hut, uniq_joseph, uniq_sonja
D:11:     layout_big_octagon, tgw_fedhas
D:12:     layout_loops_cross, minmay_orc_entry_temple_large, serial_shops,
          kennysheep_mini, gammafunk_ghost_wrathful_warriors, uniq_josephine
D:13:     layout_cave_pods, david_vaults_1, gammafunk_ghost_smash, st_stairs_14,
          dk_noncrumbling_2, uniq_rupert, uniq_nessos
Temple:   nicolae_temple_x_marks_the_god
Lair:1:   layout_cave_pods, serial_bayou_shore_a, grunt_megastairs_2,
          lemuel_fruit_tree, uniq_harold
Lair:2:   layout_hall_layers, shoals_dummy_entry,
          minmay_snake_entry_guardpost_large, minivault_23, uniq_maggie,
          uniq_gastronok
Lair:3:   layout_long_grid, nicolae_volcano_entry_s_turn, eino_house_with_fridge
Volcano:  volcano_grotto [vgs_original]

Skill      XL: |  1  2  3  4  5  6  7  8  9 10 11 12 13 |
---------------+----------------------------------------+-----
Spellcasting   | 5 6 7 8 9 10 | 10.0
Invocations    | 1 2 3 4 5 6 7 8 9 |  9.5
Fighting       | 1 2 3 4 5 6 7 8 |  8.7
Short Blades   | 1 2 3 4 5 6 7 8 |  8.7
Long Blades    | 1 2 3 4 5 6 7 8 |  8.7
Axes           | 1 2 3 4 5 6 7 8 |  8.7
Maces & Flails | 1 2 3 4 5 6 7 8 |  8.7
Polearms       | 1 2 3 4 5 6 7 8 |  8.7
Staves         | 1 2 3 4 5 6 7 8 |  8.7
Slings         | 1 2 3 4 5 6 7 8 |  8.7
Bows           | 1 2 3 4 5 6 7 8 |  8.7
Crossbows      | 1 2 3 4 5 6 7 8 |  8.7
Throwing       | 1 2 3 4 5 6 7 8 |  8.7
Armour         | 1 2 3 4 5 6 7 8 |  8.7
Shields        | 1 2 3 4 5 6 7 8 |  8.7
Unarmed Combat | 1 2 3 4 5 6 7 8 |  8.7
Evocations     | 1 2 3 4 5 6 7 8 |  8.7
Conjurations   | 1 2 3 4 5 6 7 |  7.2
Hexes          | 1 2 3 4 5 6 7 |  7.2
Summonings     | 1 2 3 4 5 6 7 |  7.2
Necromancy     | 1 2 3 4 5 6 7 |  7.2
Translocations | 1 2 3 4 5 6 7 |  7.2
Transmutations | 1 2 3 4 5 6 7 |  7.2
Fire Magic     | 1 2 3 4 5 6 7 |  7.2
Air Magic      | 1 2 3 4 5 6 7 |  7.2
Earth Magic    | 1 2 3 4 5 6 7 |  7.2
Poison Magic   | 1 2 3 4 5 6 7 |  7.2
Dodging        | 5 6 7 8 9 |  9.9
Stealth        | 5 6 7 8 9 |  9.7
Ice Magic      | 8 9 10 | 10.2

Action                   |  1- 3 |  4- 6 |  7- 9 | 10-12 | 13-15 || total
-------------------------+-------+-------+-------+-------+-------++-------
Melee: Unarmed           |    20 |       |       |       |       ||    20
       Bite              |     3 |     8 |    19 |    23 |    23 ||    76
       Short sword       |     5 |    89 |   184 |       |       ||   278
       Punch             |       |       |     2 |       |       ||     2
       Quarterstaff      |       |       |       |   189 |   127 ||   316
 Fire: Hunting sling     |       |       |    14 |   104 |       ||   118
 Cast: Freeze            |    21 |    12 |     3 |     1 |       ||    37
       Frozen Ramparts   |     7 |    26 |    25 |    64 |    22 ||   144
       Summon Ice Beast  |       |       |    21 |    49 |    33 ||   103
       Hailstorm         |       |       |     8 |    30 |    13 ||    51
       Ozocubu's Armour  |       |       |       |     2 |       ||     2
Invok: Channel Magic     |       |       |       |     3 |       ||     3
Evoke: Wand              |       |       |     2 |       |       ||     2
  Use: Scroll            |       |       |     7 |     4 |     9 ||    20
       Potion            |       |       |     1 |     7 |       ||     8
 Stab: Sleeping          |     6 |     4 |    14 |       |     3 ||    27
       Distracted        |       |       |       |     2 |     1 ||     3
Armor: Robe              |     6 |    36 |    68 |    33 |       ||   143
       Troll leather arm |       |       |       |    43 |    39 ||    82
Dodge: Dodged            |    25 |    93 |   123 |   214 |   108 ||   563
Block: Other             |       |       |    34 |    69 |    36 ||   139
       Reflection        |       |       |     3 |     4 |       ||     7

Table legend: (Time is in decaauts)
 A = Elapsed time spent in this place.
 B = Non-inter-level travel time spent in this place.
 C = Inter-level travel time spent in this place.
 D = Time resting spent in this place.
 E = Time spent auto-exploring this place.
 F = Levels seen in this place.
 G = Mean time per level.
                   A        B        C        D        E       F      G
               +--------+--------+--------+--------+--------+-----+--------+
         Total |  18829 |  17654 |   1175 |    718 |  13306 |  18 | 1046.1 |
       Dungeon |  15920 |  14867 |   1053 |    378 |  11401 |  13 | 1224.6 |
        Temple |     52 |     42 |     10 |      0 |     29 |   1 |   52.0 |
          Lair |   2749 |   2637 |    112 |    340 |   1856 |   3 |  916.3 |
       Volcano |    106 |    106 |      0 |      0 |     20 |   1 |  106.0 |
               +--------+--------+--------+--------+--------+-----+--------+

Top non-repeatable levels by time:
    D:10: 1637 daAuts
    D:13: 1554 daAuts
     D:6: 1520 daAuts
    D:11: 1438 daAuts
  Lair:2: 1438 daAuts
     D:3: 1386 daAuts
     D:2: 1377 daAuts
    D:12: 1372 daAuts
  Lair:1: 1236 daAuts
     D:4: 1219 daAuts
     D:1: 1066 daAuts
     D:7: 901 daAuts
     D:5: 875 daAuts
     D:9: 837 daAuts
     D:8: 732 daAuts
